 Dungeon Crawl Stone Soup version 0.25.0-45-g978344163c (webtiles) character file.

Game seed: 14887585613821218279

92 Ethylacetat the Gusty (level 4, 0/27 HPs)
             Began as an Octopode Air Elementalist on July 11, 2020.
             Was an Initiate of Vehumet.
             Slain by a kobold
             ... wielding a +0 whip
              (2 damage)
             ... on level 3 of the Dungeon.
             The game lasted 00:11:10 (2515 turns).

Ethylacetat the Gusty (Octopode Air Elementalist)   Turns: 2515, Time: 00:11:10

Health: 0/27       AC:  1    Str:  7    XL:     4   Next: 60%
Magic:  5/8        EV: 13    Int: 18    God:    Vehumet [......]
Gold:   75         SH:  0    Dex: 12    Spells: 3/8 levels left

rFire    . . .     SeeInvis .   n - +3 dagger (drain)
rCold    . . .     Gourm    .   (no shield)
rNeg     . . .     Faith    .   (helmet restricted)
rPois    .         Spirit   .   (no amulet)
rElec    .         Reflect  .   (no ring)
rCorr    .         Harm     .   (no ring)
MR       .....                  (no ring)
Stlth    +++.......             (no ring)
HPRegen  0.09/turn              (no ring)
MPRegen  0.11/turn              (no ring)
                                (no ring)
                                (no ring)

@: no status effects
A: almost no armour, stealthy swim, amphibious, 8 rings, constrict 8, camouflage
1, gelatinous body 1
a: Renounce Religion


You were on level 3 of the Dungeon.
You worshipped Vehumet.
Vehumet was noncommittal.
You were not hungry.

You visited 1 branch of the dungeon, and saw 3 of its levels.

You collected 75 gold pieces.

Inventory:

Hand Weapons
 n - a +3 dagger of draining (weapon)
Jewellery
 a - an uncursed ring of ice {unknown}
Scrolls
 d - 2 scrolls of enchant weapon
 e - a scroll of immolation {unknown}
 f - a scroll of enchant armour {unknown}
 k - a scroll of identify {unknown}
 m - a scroll of amnesia {unknown}
Potions
 c - 2 potions of degeneration {unknown}
 g - a potion of haste {unknown}
 i - 2 potions of cancellation {unknown}
 j - 2 potions of curing {unknown}
 l - a potion of might {unknown}
Comestibles
 b - 3 rations
 h - 3 chunks of flesh


   Skills:
 - Level 2.0 Dodging
 - Level 2.6 Stealth
 + Level 2.9 Spellcasting
 - Level 1.0 Conjurations
 * Level 4.6 Air Magic


You had 3 spell levels left.
You knew the following spells:

 Your Spells              Type           Power        Failure   Level  Hunger
a - Shock                 Conj/Air       ##..         5%          1    None
b - Airstrike             Air            ###.......   24%         4    ####...

Your spell library contained the following spells:

 Spells                   Type           Power        Failure   Level  Hunger
 Swiftness                Chrm/Air       ##......     10%         2    ##.....
 Static Discharge         Conj/Air       ##......     16%         3    ###....
 Lightning Bolt           Conj/Air       ##........   82%         5    ######.


Dungeon Overview and Level Annotations

Branches:
Dungeon (3/15)

Altars:
Elyvilon
Makhleb
Vehumet
Yredelemnul


Innate Abilities, Weirdness & Mutations

You cannot wear most types of armour.
You are very stealthy in the water. (Stealth+)
You are amphibious.
You can wear up to eight rings at the same time.
You can use your tentacles to constrict eight enemies at once.
Your skin changes colour to match your surroundings (Stealth+).
Your rubbery body absorbs attacks. (AC +1, EV +1)


Message History

Vehumet accepts your kill. The kobold closely misses you.
An ogre comes into view. It is wielding a +0 giant spiked club.
The ogre moves out of view.
An adder comes into view.
The ogre closely misses you.
A hobgoblin comes into view. It is wielding a +0 club.
A shadow imp comes into view.
Found a dagger.
You see here a dagger.
Casting: Shock (safe; 5% risk of failure)
Confirm with . or Enter, or press ? or * to list all spells.
Aiming: Shock (safe; 5% risk of failure)
Press: ? - help, Shift-Dir - straight line
Okay, then.
The kobold hits you with a +0 whip.
* * * LOW HITPOINT WARNING * * *
There is a stone staircase leading up here.
The kobold hits you with a +0 whip.
You die...

........... #.#
....#.....###### #.##
.......#......####..####
#...................
##..#.......>....#######
##..#......###..........
#...#..........#.#.....
#...#......#####.#####..
#O.##...@...............
##g.##...K..#..##.#######
#..###........###.# #.g#
######g#.# #g# #.)#
####..#.###g#
#.K####..g.##....)####
##..#....########..).)#
#....O#### ##.##g#
#...### #.# ).


You could see a goblin and a kobold.

Vanquished Creatures
  Robin (D:3)
  2 adders (D:2)
  A worm (D:2)
  A dart slug (D:1)
  2 leopard geckos (D:2)
  2 ball pythons (D:2)
  6 bats
  5 giant cockroaches
  13 goblins
  4 hobgoblins
  3 jackals (D:1)
  2 frilled lizards (D:1)
  8 kobolds
  5 rats
55 creatures vanquished.

Notes
Turn   | Place    | Note
-------+----------+-------------------------------------------
     0 | D:1      | Ethylacetat the Octopode Air Elementalist began the quest
                  | for the Orb.
     0 | D:1      | Reached XP level 1. HP: 11/11 MP: 3/3
    73 | D:1      | Reached XP level 2. HP: 12/17 MP: 0/5
  1200 | D:1      | Reached XP level 3. HP: 21/21 MP: 4/6
  1730 | D:2      | Reached skill level 4 in Air Magic
  1901 | D:2      | Found a burning altar of Makhleb.
  1902 | D:2      | Found a radiant altar of Vehumet.
  1931 | D:2      | Reached XP level 4. HP: 27/27 MP: 3/8
  1947 | D:2      | Became a worshipper of Vehumet
  2075 | D:2      | Found a basalt altar of Yredelemnul.
  2126 | D:2      | Found a white marble altar of Elyvilon.
  2295 | D:2      | Learned a level 4 spell: Airstrike
  2462 | D:3      | Noticed Robin
  2470 | D:3      | Killed Robin
  2479 | D:3      | Noticed an ogre
  2515 | D:3      | Slain by a kobold

Illustrated notes

Levels and vault maps discovered:
D:1:      psy_arrival_wood_between_worlds, layout_basic
D:2:      layout_rooms, grunt_temple_overflow_open, kennysheep_ying_yang
D:3:      layout_rooms, gammafunk_ghost_split, uniq_robin

Skill      XL: |  1  2  3 |
---------------+----------+-----
Air Magic      | 4 |  4.6
Dodging        | |  2.0
Stealth        | |  2.6
Spellcasting   | |  2.9
Conjurations   | |  1.0

Action                   |  1- 3 |  4- 6 || total
-------------------------+-------+-------++-------
Melee: Unarmed           |     3 |       ||     3
       Tentacles         |     3 |       ||     3
       Constrict         |     3 |       ||     3
       Dagger            |     5 |     2 ||     7
 Cast: Shock             |    46 |    24 ||    70
  Use: Scroll            |       |     3 ||     3
  Eat: Chunk             |     3 |     2 ||     5
Armor: Skin              |     5 |     1 ||     6
Dodge: Dodged            |    26 |    19 ||    45
